 Dungeon Crawl Stone Soup version 0.17.1-3-g152610e (webtiles) character file.

3227 kaze the Nimble (level 9, -2/80 HPs)
             Began as a Troll Berserker on Feb 29, 2016.
             Was an Elder of Trog.
             Splashed by a jelly's acid (7 damage)
             ... on level 7 of the Dungeon.
             The game lasted 00:17:52 (5076 turns).

kaze the Nimble (Troll Berserker)                   Turns: 5076, Time: 00:17:53

Health: -2/80      AC: -9    Str: 30    XL:     9   Next: 66%
Magic:  8/8        EV: 11    Int: -1 (1) God:    Trog [****..]
Gold:   511        SH: 15    Dex:  9    Spells: 0 memorised, 8 levels left

rFire  . . .     SeeInvis .       - Unarmed
rCold  + + .     Clarity  .     a - +2 animal skin
rNeg   . . .     SustAt   .     l - +1 large shield {rC+}
rPois  .         Gourm    +     (helmet restricted)
rElec  .         Spirit   .     (no cloak)
rCorr  .         Warding  .     (gloves unavailable)
rMut   .         Stasis   .     (boots unavailable)
MR     ++...                    (no amulet)
Stlth  +.........               (no ring)
                                c - +3 ring of evasion

@: corroded equipment, regenerating, slowed, lost intelligence, very slow, very
resistant to hostile enchantments, very unstealthy
A: unfitting armour, claws 3, cold resistance 1, dopey 1, fast metabolism 3,
frail 1, gourmand, regeneration 2, screaming 1, shaggy fur 1, tough skin 2
a: Berserk, Trog's Hand, Brothers in Arms, Burn Spellbooks, Renounce Religion


You were on level 7 of the Dungeon.
You worshipped Trog.
Trog was greatly pleased with you.
You were very full.

You visited 1 branch of the dungeon, and saw 7 of its levels.
You also visited: Ossuary.

You collected 511 gold pieces.

Inventory:

Hand Weapons
 i - a +0 giant spiked club
Armour
 a - a +2 animal skin (worn)
 l - a +1 large shield of cold resistance (worn)
Rods
 x - a -1 rod of clouds (13/13)
   (You found it on level 7 of the Dungeon)
Jewellery
 c - a +3 ring of evasion (left claw)
Wands
 o - a wand of disintegration (4)
 w - a wand of fire (5)
Scrolls
 d - 3 scrolls of remove curse
 g - 2 scrolls of blinking
 j - 3 scrolls of enchant armour
 k - a scroll of amnesia
 n - a scroll of enchant weapon {unknown}
 q - a scroll of fog
 u - a scroll of fear {unknown}
 v - a scroll of teleportation {unknown}
Potions
 e - a potion of cancellation
 h - a potion of curing
 t - a potion of beneficial mutation
 z - a potion of brilliance
Comestibles
 b - 5 bread rations
 f - a meat ration
 m - a royal jelly
 p - 2 slices of pizza
 A - a chunk of flesh


   Skills:
 + Level 6.0 Fighting
 + Level 4.6 Maces & Flails
 + Level 8.1 Dodging
 - Level 0.2 Stealth
 + Level 2.1 Shields
 + Level 5.4 Unarmed Combat


You had 8 spell levels left.
You didn't know any spells.

Dungeon Overview and Level Annotations

Branches:
Dungeon (7/15)             Temple (0/1) D:4

Altars:
Trog
Xom
The Shining One

Shops:
D:6 (%%:[


Innate Abilities, Weirdness & Mutations

You are too large for most types of armour.
You have claws for hands.
Your metabolism is lightning-fast.
You like to eat raw meat.
You heal very quickly.
You are covered in fur (AC +1).
You have very tough skin (AC +2).
Your flesh is cold resistant.
You are dopey. (Int -2)
You are frail (-10% HP).
You occasionally shout uncontrollably at your foes.


Message History

You claw the jelly!
Your claws burn!
* * * LOW HITPOINT WARNING * * *
The jelly is almost dead.
The jelly barely misses you. You block the jelly's attack. The jelly hits you.
* * * LOW HITPOINT WARNING * * *
You are splashed with acid!
The acid burns!
* * * LOW HITPOINT WARNING * * *
You block the jelly's attack. The jelly hits you.
* * * LOW HITPOINT WARNING * * *
You are splashed with acid!
The acid burns!
* * * LOW HITPOINT WARNING * * *
Your skin crawls.
You feel resistant to hostile enchantments.
You feel slightly less full. The jelly barely misses you.
You block the jelly's attack. The jelly hits you.
* * * LOW HITPOINT WARNING * * *
You are splashed with acid!
The acid burns!
You die...

.........)....#.# .
#.#.##.#..#..#.# ..
#.#.......#..#.# ...
#.#..#.#..#..#[# ....
#.#..#.#..#..#§# .....
#)#..#.#..#..#.#
.J....###)#..#.#..#..#.######
...J.....)...#.#.............
....#####†##@#.#..#..#.######
. .#####.##J..#..#..#.######
.........J.................
..#####.###...#.######.####
.........#.# #.#
###.####..#.# #.# .########.#
#..#.# #.#### .........#
#....# #.....
#.......####....# #.####


You could see 2 jellies.

Vanquished Creatures
  Pikel (D:7)
  Grinder (D:5)
  Prince Ribbit (D:5)
  2 hippogriffs
  2 ice beasts
  A phantom (D:4)
  2 sky beasts (D:7)
  3 ogres (D:4)
  A slave (D:7)
  A centaur (D:5)
  3 giant frogs
  A gnoll sergeant (D:7)
  A scorpion (D:7)
  2 crimson imps (D:5)
  4 centaur zombies
  3 hounds (D:7)
  2 jellies (D:7)
  2 gnoll shamans
  2 iguanas
  5 worker ants
  Terence (D:2)
  2 orc wizards (D:7)
  3 big kobold zombies (Ossuary)
  A hound zombie (Ossuary)
  3 mummies (Ossuary)
  9 adders
  2 worker ant zombies (D:6)
  9 gnolls
  A shadow imp (D:5)
  An ooze (D:1)
  4 adder zombies
  A worm (D:2)
  3 giant geckos
  8 orcs
  2 giant cockroaches
  10 goblins
  6 hobgoblins
  4 jackals (D:4)
  9 kobolds
  2 quokkas
  5 bats
  A giant gecko zombie (D:1)
  5 giant newts
  A gnoll zombie (Ossuary)
  7 goblin zombies (Ossuary)
  2 hobgoblin zombies (Ossuary)
  2 jackal zombies (Ossuary)
  3 kobold zombies (Ossuary)
  An orc zombie (Ossuary)
  6 quokka zombies
  9 rats
  5 rat zombies (Ossuary)
168 creatures vanquished.

Vanquished Creatures (others)
  2 slaves (D:7)
  A gnoll (D:7)
  An orc (D:5)
  A giant cockroach (D:5)
  A quokka (D:5)
6 creatures vanquished.

Grand Total: 174 creatures vanquished

Notes
Turn   | Place    | Note
--------------------------------------------------------------
     0 | D:1      | kaze the Troll Berserker began the quest for the Orb.
     0 | D:1      | Reached XP level 1. HP: 22/22 MP: 0/0
   218 | D:1      | Reached XP level 2. HP: 14/29 MP: 1/1
   713 | D:2      | Reached XP level 3. HP: 23/36 MP: 2/2
   764 | D:2      | Reached ** piety under Trog
   850 | D:2      | Noticed Terence
   858 | D:2      | Killed Terence
   858 | D:2      | Reached XP level 4. HP: 42/44 MP: 3/3
  1201 | D:3      | Reached skill level 4 in Unarmed Combat
  1559 | D:3      | Found a glowing golden altar of the Shining One.
  1920 | D:4      | Noticed an ogre
  1927 | D:4      | Killed an ogre
  1927 | D:4      | Reached XP level 5. HP: 53/53 MP: 4/4
  1979 | D:4      | Noticed a giant frog
  1986 | D:4      | Killed a giant frog
  1986 | D:4      | Reached *** piety under Trog
  2158 | D:4      | Found a bloodstained altar of Trog.
  2196 | D:4      | Reached XP level 6. HP: 27/61 MP: 5/5
  2314 | D:4      | Noticed a phantom
  2329 | D:4      | Killed a phantom
  2329 | D:4      | Reached skill level 1 in Maces & Flails
  2375 | D:4      | Found a staircase to the Ecumenical Temple.
  2390 | D:4      | Noticed an ogre
  2394 | D:4      | Killed an ogre
  2395 | D:4      | Noticed an ogre
  2400 | D:4      | Killed an ogre
  2400 | D:4      | Reached XP level 7. HP: 50/68 MP: 6/6
  2430 | D:4      | Reached skill level 5 in Dodging
  2642 | D:5      | Entered Level 5 of the Dungeon
  2757 | D:5      | Found a shimmering altar of Xom.
  3248 | D:5      | Noticed Grinder
  3248 | D:5      | Paralysed by Grinder for 5 turns
  3267 | D:5      | Killed Grinder
  3267 | D:5      | Reached skill level 6 in Dodging
  3267 | D:5      | Reached XP level 8. HP: 62/79 MP: 7/7
  3338 | D:5      | Noticed Prince Ribbit
  3349 | D:5      | Killed Prince Ribbit
  3591 | D:6      | Found Miosat's Antique Armour Emporium.
  3609 | D:6      | Reached skill level 5 in Fighting
  3662 | D:6      | Found Fabaiqut's Book Shoppe.
  3734 | D:6      | Found Kighek's Weapon Emporium.
  3738 | D:6      | Reached **** piety under Trog
  3821 | D:6      | Found Elatuz's Food Shop.
  3907 | D:6      | Found Iggexad's Food Shop.
  3973 | D:6      | Found a sand-covered staircase.
  3979 | Ossuary  | Entered an ossuary
  4013 | Ossuary  | Reached skill level 7 in Dodging
  4276 | Ossuary  | Identified a scroll of acquirement
  4366 | D:7      | Reached XP level 9. HP: 87/88 MP: 8/8
  4701 | D:7      | Noticed Pikel
  4717 | D:7      | Killed Pikel
  4717 | D:7      | Reached skill level 1 in Shields
  4717 | D:7      | Reached skill level 5 in Unarmed Combat
  4817 | D:7      | Gained mutation: You occasionally shout uncontrollably at your foes. [mutagenic meat]
  4818 | D:7      | Gained mutation: You are frail (-10% HP). [mutagenic meat]
  4841 | D:7      | Reached skill level 8 in Dodging
  5000 | D:7      | Gained mutation: You are dopey. (Int -2) [mutagenic meat]
  5014 | D:7      | Lost intelligence.
  5017 | D:7      | Gained mutation: Your flesh is cold resistant. [potion of beneficial mutation]
  5037 | D:7      | Received a gift from Trog
  5073 | D:7      | HP: 1/80 [acid (6)]
  5076 | D:7      | Splashed by a jelly's acid

Action                   |  1- 3 |  4- 6 |  7- 9 || total
-------------------------+-------+-------+-------++-------
Melee: Unarmed           |    78 |    64 |   131 ||   273
       Giant spiked club |       |    73 |   225 ||   298
Invok: Berserk           |       |     4 |    10 ||    14
       Trog's Hand       |       |       |     3 ||     3
       Burn Spellbooks   |       |       |     2 ||     2
  Use: Potion            |     1 |     6 |     5 ||    12
       Scroll            |       |     3 |    12 ||    15
 Stab: Sleeping          |       |     2 |     1 ||     3
  Eat: Chunk             |    13 |    17 |    34 ||    64
       Bread ration      |       |       |     2 ||     2
